 Dungeon Crawl Stone Soup version 0.22-a0-322-g60b3cfd (webtiles) character file.

199 CanOfBees the Skirmisher (level 5, 0/47 HPs)
             Began as a Draconian Berserker on Apr 4, 2018.
             Was a Believer of Trog.
             Succumbed to an orc wizard's poison
             ... on level 3 of the Dungeon.
             The game lasted 00:02:41 (1850 turns).

CanOfBees the Skirmisher (Draconian Berserker)      Turns: 1850, Time: 00:02:42

Health: 0/47       AC:  5    Str: 20    XL:     5   Next: 48%
Magic:  5/5        EV: 13    Int:  8    God:    Trog [**....]
Gold:   165        SH:  0    Dex: 10    Spells: 4/4 levels left

rFire    . . .     SeeInvis .   a - +0 hand axe
rCold    . . .     Gourm    .   (no shield)
rNeg     . . .     Faith    .   (armour unavailable)
rPois    .         Spirit   .   (helmet restricted)
rElec    .         Reflect  .   (no cloak)
rCorr    .         Harm     .   (no gloves)
MR       .....                  (no boots)
Stlth    +.........             (no amulet)
HPRegen  0.15/turn              (no ring)
MPRegen  0.09/turn              (no ring)

@: lethally poisoned (0 -> -17), berserk cooldown, slowed, very slow
A: unfitting armour, cold-blooded, AC +5
a: Berserk, Trog's Hand, Renounce Religion


You were on level 3 of the Dungeon.
You worshipped Trog.
Trog was pleased with you.
You were very hungry.

You visited 1 branch of the dungeon, and saw 3 of its levels.

You collected 165 gold pieces.

Inventory:

Hand Weapons
 a - a +0 hand axe (weapon)
 j - a +0 hunting sling
Missiles
 i - 8 sling bullets
Scrolls
 d - a scroll of blinking {unknown}
 f - 2 scrolls of amnesia {unknown}
 g - a scroll of fog {unknown}
 k - a scroll of remove curse {unknown}
 l - a scroll of enchant weapon {unknown}
 n - a scroll of identify {unknown}
 o - a scroll of immolation {unknown}
Potions
 e - a potion of heal wounds {unknown}
 h - a potion of ambrosia {unknown}
Comestibles
 b - 4 rations
 m - 5 chunks of flesh


   Skills:
 + Level 4.8 Fighting
 + Level 4.3 Axes
 + Level 3.9 Dodging


You had 4 spell levels left.
You didn't know any spells.

Dungeon Overview and Level Annotations

Branches:
Dungeon (3/15)

Altars:
Ru
Zin


Innate Abilities, Weirdness & Mutations

Your plain brown scales are hard. (AC +5)
You cannot fit into any form of body armour.
You are cold-blooded and may be slowed by cold attacks.


Message History

The magic dart hits you!
* * * LOW HITPOINT WARNING * * *
You barely miss the orc wizard.
The orc wizard is almost dead.
You hear the slow rusting of a very distant drain.
You feel sick.
The orc wizard hits you with a dagger of venom.
* * * LOW HITPOINT WARNING * * *
You are more poisoned.
The orc wizard closely misses you.
You're still recovering from your berserk rage.
You hit the orc wizard but do no damage.
The orc wizard is almost dead.
Your skin stops crawling.
You feel less resistant to hostile enchantments.
* * * LOW HITPOINT WARNING * * *
You feel sick.
The orc wizard gestures wildly while chanting.
The orc wizard blinks!
You die...

#######......#
#..........#.# .#
#..........#.##.###.#
#...................#
#..........#...8.)..#
#....o.....#..8.8..<###
#......<.....8._.8.....
#.....).......8.8....#
#.....)..@.....8.....#
#####.#'#..........#
#)#.....#.##..##
#.####.....#.....
#.#........#.#####
#)#.######.#.#
#######.#........#.#
....................
.#...##.....########


You could see an orc wizard.

Vanquished Creatures
  An orc warrior (D:3)
  An orc wizard (D:3)
  Jessica (D:2)
  An ooze (D:1)
  A worm (D:3)
  2 dart slugs
  4 bats (D:1)
  3 giant cockroaches
  7 goblins
  5 hobgoblins (D:1)
  3 jackals
  A quokka (D:2)
  4 frilled lizards
  A kobold (D:1)
  6 rats
41 creatures vanquished.

Notes
Turn   | Place    | Note
-------+----------+-------------------------------------------
     0 | D:1      | CanOfBees the Draconian Berserker began the quest for the Orb.
     0 | D:1      | Reached XP level 1. HP: 19/19 MP: 1/1
   127 | D:1      | Reached XP level 2. HP: 19/26 MP: 2/2
   670 | D:1      | Reached XP level 3. HP: 33/33 MP: 3/3
   984 | D:2      | Noticed Jessica
   993 | D:2      | Killed Jessica
  1037 | D:2      | Reached ** piety under Trog
  1405 | D:2      | Found a sacrificial altar of Ru.
  1405 | D:2      | Found a glowing silver altar of Zin.
  1711 | D:3      | Reached XP level 4. HP: 36/40 MP: 4/4
  1730 | D:3      | Found a faded altar of an unknown god.
  1800 | D:3      | Noticed an orc warrior
  1824 | D:3      | Killed an orc warrior
  1824 | D:3      | Reached XP level 5. HP: 29/47 MP: 5/5
  1842 | D:3      | HP: 1/47 [orc wizard/magic dart (8)]
  1850 | D:3      | Succumbed to an orc wizard's poison

Vault maps used:
D:1:      lightli_arrival_farm
D:2:      gammafunk_temple_overflow_pools, kennysheep_generic_room_10,
          uniq_jessica
D:3:      gammafunk_temple_overflow_arena, first_ration,
          chequers_ecumenical_altar_simple_redux, portal_sewer_entry_e,
          minmay_misc_feat_four_crosses, kennysheep_pointless_box

Skill      XL: |  1  2  3  4 |
---------------+-------------+-----
Dodging        | 3 |  3.9
Fighting       | 4 |  4.8
Axes           | 4 |  4.3

Action                   |  1- 3 |  4- 6 || total
-------------------------+-------+-------++-------
Melee: Hand axe          |    95 |    39 ||   134
       Tailslap          |    13 |     1 ||    14
Invok: Berserk           |       |     1 ||     1
       Trog's Hand       |       |     1 ||     1
  Use: Potion            |       |     4 ||     4
 Stab: Sleeping          |     1 |       ||     1
  Eat: Chunk             |     2 |     1 ||     3
Armor: Skin              |    37 |     9 ||    46
Dodge: Dodged            |    64 |    18 ||    82

Table legend:
 A = Spawn XP
 B = Non-spawn XP
 C = Spawn XP percentage of total XP
 D = Spawn monster count
 E = Non-spawn monster count
 F = Spawn count percentage of total count
 G = Total turns spent on level
                    A         B        C        D         E        F      G
               +---------+---------+-------+---------+---------+-------+---------
         Total |       0 |     285 |   0.0 |       0 |      41 |   0.0 |  1850
               +---------+---------+-------+---------+---------+-------+---------
           D:1 |       0 |      48 |   0.0 |       0 |      23 |   0.0 |   880
           D:2 |       0 |      48 |   0.0 |       0 |       8 |   0.0 |   825
           D:3 |       0 |     189 |   0.0 |       0 |      10 |   0.0 |   145
               +---------+---------+-------+---------+---------+-------+---------
